 Dungeon Crawl Stone Soup version 0.29-a0-841-g116ddc6ace (webtiles) character file.

Game seed: 15517833230413126023

109 kevlar127 the Ruffian (level 4, -20/67 HPs)
             Began as a Troll Berserker on July 14, 2022.
             Was a Believer of Trog.
             Killed from afar by Terence (31 damage)
             ... with a bolt of dispelling energy
             ... on level 3 of the Dungeon.
             The game lasted 00:02:08 (1502 turns).

kevlar127 the Ruffian (Troll Berserker)             Turns: 1502, Time: 00:02:09

Health: -20/67     AC:  4    Str: 27    XL:     4   Next: 59%
Magic:  3/3        EV: 10    Int:  3    God:    Trog [**....]
Gold:   109        SH:  0    Dex:  9    Spells: 3/3 levels left

rFire   . . .      SeeInvis .     - Unarmed
rCold   . . .      Faith    .   (no shield)
rNeg    . . .      Spirit   .   a - +0 animal skin
rPois   .          Reflect  .   (helmet restricted)
rElec   .          Harm     .   (no cloak)
rCorr   .          Rampage  .   (gloves unavailable)
Will    ++...                   (boots unavailable)
Stlth   ..........              (no amulet)
HPRegen 2.01/turn               (no ring)
MPRegen 0.08/turn               (no ring)

@: berserking, lethally poisoned (-20 -> -20), strong-willed, regenerating, very
quick
A: large, unfitting armour, claws 3, regeneration 1, shaggy fur 1, tough skin 1
a: Renounce Religion, Berserk, Trog's Hand


You were on level 3 of the Dungeon.
You worshipped Trog.
Trog was pleased with you.
You visited 1 branch of the dungeon, and saw 3 of its levels.

You collected 109 gold pieces.

Inventory:

Missiles
 e - 9 stones (quivered)
Armour
 a - a +0 animal skin (worn)
Jewellery
 c - a +4 ring of slaying
 f - a ring of resist corrosion
Scrolls
 b - 3 scrolls of identify {unknown}
 h - a scroll of immolation {unknown}
 i - a scroll of teleportation {unknown}
 j - a scroll of enchant armour {unknown}
Potions
 d - 2 potions of heal wounds {unknown}
 g - a potion of brilliance {unknown}
 k - a potion of resistance {unknown}
 l - a potion of invisibility {unknown}


   Skills:
 + Level 3.3 Fighting
 - Level 3.0 Dodging
 + Level 4.1 Unarmed Combat


You had 3 spell levels left.
You didn't know any spells.
Your spell library was empty.

Dungeon Overview and Level Annotations

Branches:
Dungeon (3/15)

Altars:

Annotations:
D:3 Terence


Innate Abilities, Weirdness & Mutations

You are too large for most types of armour.
You have claws for hands.
Your natural rate of healing is unusually fast.
You are covered in fur. (AC +1)
You have tough skin. (AC +1)


Message History

You are too injured to fight recklessly!
You are too injured to fight recklessly!
You are too injured to fight recklessly!
You are too injured to fight recklessly!
You are too injured to fight recklessly!
You are too injured to fight recklessly!
You are too injured to fight recklessly!
You are too injured to fight recklessly!
You are too injured to fight recklessly!
Unknown command.
Your skin crawls.
You feel strong-willed. The adder bites you.
You are poisoned.
The adder poisons you!
Terence zaps a wand.
The bolt of dispelling energy hits you!
* * * LOW HITPOINT WARNING * * *
The adder attacks as you move away! The adder barely misses you.
You feel sick. The adder bites you but does no damage.
You feel sick.
You feel sick. Terence screams, "I want your blood!"
You feel sick. The adder bites you.
* * * LOW HITPOINT WARNING * * *
You are more poisoned.
The adder poisons you!
A red film seems to cover your vision as you go berserk!
You feel yourself moving faster!
You feel mighty!
You feel sick. The adder bites you.
* * * LOW HITPOINT WARNING * * *
Terence closely misses you.
Unknown command.
You mangle the adder!!
You kill the adder!
Trog accepts your kill.
You feel sick.
You feel sick. Terence barely misses you.
You barely miss Terence.
Terence zaps a wand.
The bolt of dispelling energy hits you!!
You die...

... #.# #.#
#.###.#
#.....######.
#.......$
#.###.### #@#
#@# #.# #.#
#.# #.# #.#
#.# #.# #.#


You could see Terence.

Vanquished Creatures
  Jessica (D:3)
  4 adders
  2 worms (D:2)
  A dart slug (D:2)
  3 giant cockroaches
  4 goblins
  2 hobgoblins
  4 kobolds
  2 quokkas (D:2)
  5 ball pythons
  3 bats
  4 frilled lizards
  9 rats
  A spectral hobgoblin (D:3)
45 creatures vanquished.

Notes
Turn   | Place    | Note
-------+----------+-------------------------------------------
     0 | D:1      | kevlar127 the Troll Berserker began the quest for the Orb.
     0 | D:1      | Reached XP level 1. HP: 22/22 MP: 0/0
   104 | D:1      | Reached XP level 2. HP: 29/29 MP: 1/1
   614 | D:2      | Reached XP level 3. HP: 31/36 MP: 2/2
   634 | D:2      | Reached ** piety under Trog
  1329 | D:3      | Found a faded altar of an unknown god.
  1389 | D:3      | Reached XP level 4. HP: 45/45 MP: 3/3
  1400 | D:3      | Noticed Jessica
  1414 | D:3      | Killed Jessica
  1415 | D:3      | Reached skill level 4 in Unarmed Combat
  1483 | D:3      | Noticed Terence
  1502 | D:3      | Killed from afar by Terence

Illustrated notes

Levels and vault maps discovered:
D:1:      dpeg_arrival_refuge, layout_rooms, serial_bayou, serial_bayou_pond_c,
          serial_bayou_pond_d, serial_bayou_crossing, serial_bayou_pond_e,
          kennysheep_decorative_pillar
D:2:      layout_basic, minmay_splitting_lines
D:3:      layout_loops_ring, dreamdust_ecumenical_altar_drowned_temple,
          grunt_decor_resistance, uniq_grinder, uniq_jessica, uniq_terence

Skill      XL: |  1  2  3  4 |
---------------+-------------+-----
Fighting       | 3 |  3.3
Dodging        | 3 |  3.0
Unarmed Combat | 4 |  4.1

Action                   |  1- 3 |  4- 6 || total
-------------------------+-------+-------++-------
Melee: Unarmed           |   109 |    22 ||   131
       Punch             |     1 |       ||     1
Invok: Berserk           |       |     1 ||     1
       Trog's Hand       |       |     1 ||     1
Armor: Animal skin       |    34 |     8 ||    42
Dodge: Dodged            |    57 |    14 ||    71

Table legend: (Time is in decaauts)
 A = Elapsed time spent in this place.
 B = Non-inter-level travel time spent in this place.
 C = Inter-level travel time spent in this place.
 D = Time resting spent in this place.
 E = Time spent auto-exploring this place.
 F = Levels seen in this place.
 G = Mean time per level.
                   A        B        C        D        E       F      G
               +--------+--------+--------+--------+--------+-----+--------+
         Total |   1516 |   1477 |     39 |      0 |   1188 |   3 |  505.3 |
       Dungeon |   1516 |   1477 |     39 |      0 |   1188 |   3 |  505.3 |
               +--------+--------+--------+--------+--------+-----+--------+

Top non-repeatable levels by time:
     D:2: 842 daAuts
     D:1: 487 daAuts
     D:3: 186 daAuts
